 Dungeon Crawl Stone Soup version 0.31-a0-188-g5e087ee2ca (webtiles) character file.

Game seed: 1729444684086014664

137 qw the Skirmisher (level 5, 0/29 HPs)
             Began as a Deep Elf Hunter on June 23, 2023.
             Succumbed to a scorpion's poison
             ... on level 3 of the Dungeon.
             The game lasted 00:00:42 (1881 turns).

qw the Skirmisher (Deep Elf Hunter)                 Turns: 1881, Time: 00:00:42

Health: 0/29       AC:  8    Str: 10    XL:     5   Next: 0%
Magic:  7/7        EV: 11    Int: 14    God:
Gold:   271        SH:  0    Dex: 18    Spells: 4/4 levels left

rFire   . . .        Y - +0 shortbow
rCold   + . .        (shield currently unavailable)
rNeg    . . .        f - +0 ring mail
rPois   .            i - +2 helmet
rElec   .            (no cloak)
rCorr   .            (no gloves)
SInv    .            (no boots)
Will    .....        (no amulet)
Stlth   +            g - ring of protection from cold
HPRegen 0.24/turn    (no ring)
MPRegen 0.10/turn

%: no passive effects
@: lethally poisoned (0 -> -2)
A: no striking features
a: no special abilities


You were on level 3 of the Dungeon.
You visited 1 branch of the dungeon, and saw 4 of its levels.

You collected 271 gold pieces.


   Skills:
 - Level 1.5 Fighting
 + Level 8.4 Ranged Weapons
 - Level 2.4 Dodging
 - Level 1.2 Stealth


You had 4 spell levels left.
You didn't know any spells.
Your spell library was empty.

Inventory:

Hand Weapons
 Y - a +0 shortbow (weapon)
Armour
 f - a +0 ring mail (worn)
 i - a +2 helmet (worn)
Jewellery
 g - a ring of protection from cold (left hand)
 j - a ring of fire
Scrolls
 b - a scroll of identify
Potions
 a - a potion of lignification {unknown}
 c - a potion of degeneration {unknown}
 e - a potion of invisibility {unknown}
 h - a potion of resistance {unknown}

Dungeon Overview and Level Annotations

Branches:
Dungeon (4/15)
 Temple: D:4-7

Altars:
Kikubaaqudgha


Message History

The scorpion is severely wounded.
You feel very sick. The scorpion stings you.
You are lethally poisoned!
The scorpion poisons you!
1872 ||| STAIRDANCE You feel very sick.
The scorpion stings you but does no damage.
You climb upwards.
You feel very sick.
There is a stone staircase leading down here.
Enter note:
Enter note:
Enter note:
Enter note:
Enter note:
Enter note:
Enter note:
Enter note:
Enter note:
Enter note: You shoot an arrow.
The arrow hits the scorpion!
You kill the scorpion!
You feel very sick.
Your Ranged Weapons skill increases to level 8!
You have reached level 5!
There is a lethal amount of poison in your body!
You feel sick.
There is a lethal amount of poison in your body!
You feel sick.
There is a lethal amount of poison in your body!
You feel sick.
There is a lethal amount of poison in your body!
You feel sick.
There is a lethal amount of poison in your body!
You feel sick.
There is a lethal amount of poison in your body!
You feel sick.
There is a lethal amount of poison in your body!
You die...

#.#### #........##
#....####.#.......#
#
####....#.#.......#
# ####...#.......#
## #...##.....## .#
#.#.......## .##
#.#%....### ..#
######.#.....# #.#
##......#..@..#
..####..####....%..#
.............#.....#
.......#############
#.##.### #.##.##
#.....# #######


There were no monsters in sight!

Vanquished Creatures
  A scorpion (D:3)
  3 adders
  A worm (D:3)
  A dart slug (D:1)
  An orc (D:3)
  7 bats
  6 endoplasms
  4 giant cockroaches
  3 goblins
  6 hobgoblins
  7 jackals
  2 kobolds
  A ball python (D:2)
  A frilled lizard (D:3)
  6 rats
50 creatures vanquished.

Notes
Turn   | Place    | Note
-------+----------+-------------------------------------------
     0 | D:1      | qw the Deep Elf Hunter began the quest for the Orb.
     0 | D:1      | Reached XP level 1. HP: 12/12 MP: 3/3
     0 | D:1      | 0 ||| qw: Version: 0.3-a-9-g12657ce
     0 | D:1      | 0 ||| qw: Game counter: 3588
     0 | D:1      | 0 ||| qw: Always use a shield: true
     0 | D:1      | 0 ||| qw: God list: Okawaru
     0 | D:1      | 0 ||| qw: Allow faded altars: false
     0 | D:1      | 0 ||| qw: Do Orc after D:15 true
     0 | D:1      | 0 ||| qw: Do second Lair branch before Depths: true
     0 | D:1      | 0 ||| qw: Lair rune preference: random
     0 | D:1      | 0 ||| qw: Plans: Normal
     0 | D:1      | 0 ||| PLANNING D:1-11
   112 | D:1      | Reached skill level 6 in Ranged Weapons
   112 | D:1      | Reached XP level 2. HP: 16/16 MP: 4/4
   463 | D:1      | 463 ||| UPGRADING to +0 ring mail.
   473 | D:1      | 473 ||| DROPPING +0 leather armour.
   474 | D:1      | 474 ||| READING scroll labelled SYNEDAKEBE.
   477 | D:1      | 477 ||| DRINKING 2 purple potions.
   478 | D:1      | 478 ||| DROPPING scroll of butterflies.
   479 | D:1      | 479 ||| DROPPING potion of attraction.
   526 | D:2      | Reached XP level 3. HP: 20/20 MP: 5/5
   906 | D:2      | Reached skill level 7 in Ranged Weapons
  1369 | D:2      | 1369 ||| DROPPING +3 leather armour.
  1370 | D:2      | 1370 ||| UPGRADING to +2 helmet.
  1375 | D:2      | 1375 ||| UPGRADING to ring of protection from cold.
  1376 | D:2      | 1376 ||| READING scroll labelled NOAVVU ANEMO.
  1377 | D:2      | 1377 ||| READING 2 scrolls labelled ETHAEVA ISTO.
  1378 | D:2      | 1378 ||| READING scroll labelled MAIXTIEPPIE.
  1466 | D:3      | Reached XP level 4. HP: 25/25 MP: 6/6
  1494 | D:3      | Found an ancient bone altar of Kikubaaqudgha.
  1854 | D:3      | 1854 ||| READING scroll labelled XYACSE YNYETONUL.
  1855 | D:3      | 1855 ||| READING scroll labelled TOUVEMNO RAMA.
  1865 | D:4      | Noticed a scorpion
  1870 | D:4      | Noticed an ogre
  1872 | D:4      | 1872 ||| STAIRDANCE
  1874 | D:3      | Killed a scorpion
  1874 | D:3      | HP: 5/25 [poisoned by a scorpion]
  1875 | D:3      | Reached skill level 8 in Ranged Weapons
  1875 | D:3      | Reached XP level 5. HP: 6/29 MP: 7/7
  1878 | D:3      | HP: 2/29 [poisoned by a scorpion]
  1881 | D:3      | Succumbed to a scorpion's poison

Levels and vault maps discovered:
D:1:      minmay_arrival_semitransparent, layout_rooms, minmay_misc_feat_columns
D:2:      minmay_wonky_spiral, layout_basic
D:3:      layout_rooms, kiku_gazebo_garden_becter
D:4:      minmay_skewed_foursquare, layout_basic, minitemple

Skill      XL: |  1  2  3  4 |
---------------+-------------+-----
Ranged Weapons | 6 7 8 |  8.4
Fighting       | |  1.5
Dodging        | |  2.4
Stealth        | |  1.2

Action                     |  1- 3 |  4- 6 || total
---------------------------+-------+-------++-------
   Fire: Shortbow          |   118 |    32 ||   150
    Use: Scroll            |     4 |     2 ||     6
         Potion            |     1 |       ||     1
 Armour: Ring mail         |    11 |     2 ||    13
  Dodge: Dodged            |    27 |    14 ||    41

Table legend:
 A = Non-vault XP
 B = Vault XP
 C = Vault XP percentage of total XP
 D = Non-vault monster count
 E = Vault monster count
 F = Vault count percentage of total count
                 A         B        C        D         E       F
            +---------+---------+-------+---------+---------+-------
      Total |     190 |       7 |   3.6 |      46 |       4 |   8.0
            +---------+---------+-------+---------+---------+-------
        D:1 |      28 |       0 |   0.0 |      16 |       0 |   0.0
        D:2 |      51 |       7 |  12.1 |      16 |       4 |  20.0
        D:3 |     111 |       0 |   0.0 |      14 |       0 |   0.0
            +---------+---------+-------+---------+---------+-------
